 Dungeon Sprint DCSS version 0.28-a0-233-gb8ca4b6547 (webtiles) character file.

Game seed: 9393639023575313556

25 tbh1313 the Slasher (level 2, -8/26 HPs)
             Began as a Minotaur Berserker on Aug 22, 2021.
             Was a Believer of Trog.
             Mangled by a water elemental (12 damage)
             ... in the Dungeon (Sprint III: "The Ten Rune Challenge").
             The game lasted 00:00:34 (278 turns).

tbh1313 the Slasher (Minotaur Berserker)             Turns: 278, Time: 00:00:34

Health: -8/26      AC:  3    Str: 21    XL:     2   Next: 82%
Magic:  1/1        EV: 11    Int:  4    God:    Trog [**....]
Gold:   18         SH:  0    Dex:  9    Spells: 1/1 levels left

rFire   . . .      SeeInvis .   a - +0 falchion
rCold   . . .      Faith    .   (no shield)
rNeg    . . .      Spirit   .   j - +0 leather armour
rPois   .          Reflect  .   (helmet restricted)
rElec   .          Harm     .   (no cloak)
rCorr   .          Rampage  .   (no gloves)
Will    .....      NoTele   +   (no boots)
Stlth   +.........              (no amulet)
HPRegen 0.08/turn               (no ring)
MPRegen 0.07/turn               (no ring)

@: engulfed (cannot breathe)
A: horns 2, retaliatory headbutt
a: Renounce Religion, Berserk, Trog's Hand


You were in the Dungeon.
You worshipped Trog.
Trog was pleased with you.
You visited 1 branch You collected 18 gold pieces.

Inventory:

Hand Weapons
 a - a +0 falchion (weapon)
Armour
 b - a +0 animal skin
 j - a +0 leather armour (worn)
Scrolls
 h - 2 scrolls of blinking
 i - a scroll of enchant armour {unknown}
 k - 4 scrolls of torment {unknown}
 l - 2 scrolls of identify
Potions
 c - 2 potions of curing
 d - a potion of heal wounds
 e - a potion of haste
 f - 2 potions of magic
 g - a potion of berserk rage
 m - a potion of brilliance {unknown}
 n - 5 potions of mutation


   Skills:
 - Level 3.6 Fighting
 + Level 7.8 Long Blades
 - Level 2.4 Armour
 - Level 2.1 Dodging


You had one spell level left.
You didn't know any spells.
Your spell library was empty.

Dungeon Overview and Level Annotations

Branches:
Dungeon (1/1)

Altars:


Innate Abilities, Weirdness & Mutations

You have a pair of horns on your head.
You reflexively headbutt those who attack you in melee.


Message History

k - a scroll labelled PEPRUMO BAEJI;
l - 2 scrolls of identify
m - an amethyst potion
Things that are here:
a potion of mutation; 2 potions of mutation
n - a potion of mutation;
n - 3 potions of mutation (gained 2)
n - 4 potions of mutation (gained 1)
k - 4 scrolls labelled PEPRUMO BAEJI (gained 3)
h - 2 scrolls of blinking (gained 1);
n - 5 potions of mutation (gained 1)
c - 2 potions of curing (gained 1)
You now have 18 gold pieces (gained 7).
You start resting.
There is an open door here.
You start resting.
HP restored.
You open the door.
A water elemental comes into view.
You barely miss the water elemental.
Your headbutt misses the water elemental.
The water elemental closely misses you.
You hit the water elemental. You headbutt the water elemental!
The water elemental is heavily damaged.
The water elemental barely misses you.
You slash the water elemental!
The water elemental is severely damaged.
The water elemental closely misses you.
You barely miss the water elemental.
The water elemental is severely damaged.
The water elemental hits you!
The water elemental engulfs you in water!
You hit the water elemental.
The water elemental is almost destroyed.
Your lungs strain for air!
The water elemental hits you.
You barely miss the water elemental.
You headbutt the water elemental, but do no damage.
The water elemental is almost destroyed.
* * * LOW HITPOINT WARNING * * *
Your lungs strain for air!
The water elemental hits you!
You die...

▓▓▓▓▓▓▓▓ ▓▓▓ <..#...####
##.# ...#......#####..#
..##....†..#..#..#
##.##.##...#..#..# #+#+#
##.##.###..##'#..#......
#.####.##..###..@E.⌠....
.###..##..####...#...###
#.....##..###....# ⌠.#
###..##...##.....# .#
##..##....#......# #
#..###..##.#.....# #..#
#.. ####....# ▓▓▓▓ ▓▓▓
▓▓▓▓▓▓


You could see a water elemental.

Levels and vault maps discovered:
D:        dungeon_sprint_mu [sprint_mu_entry_cave, sprint_mu_temple_rooms,
          sprint_mu_d1_horrors, sprint_mu_d2_genie, sprint_mu_d3_branching,
          sprint_mu_orc_legion, sprint_mu_elf_gauntlet, sprint_mu_hive_nellie,
          sprint_mu_lair_fedhas, sprint_mu_vaults_butterflies,
          sprint_mu_slime_circle, sprint_mu_swamp_cave, sprint_mu_snake_twists,
          sprint_mu_blade_basic, sprint_mu_crypt_fortress,
          sprint_mu_tomb_spiral, sprint_mu_vestibule_basic,
          sprint_mu_gehenna_hellfire, sprint_mu_dis_giant,
          sprint_mu_tartarus_statrot, sprint_mu_cocytus_islands, sprint_mu_zot1]

Notes
Turn   | Place    | Note
-------+----------+-------------------------------------------
     0 | D        | tbh1313 the Minotaur Berserker began the quest for the Orb.
     0 | D        | Reached XP level 1. HP: 19/19 MP: 0/0
     9 | D        | Reached skill level 4 in Long Blades
    12 | D        | Reached skill level 5 in Long Blades
    27 | D        | Reached ** piety under Trog
    69 | D        | Reached skill level 7 in Long Blades
    69 | D        | Reached XP level 2. HP: 14/26 MP: 1/1
   271 | D        | Noticed a water elemental
   278 | D        | Mangled by a water elemental

Table legend: (Time is in decaauts)
 A = Elapsed time spent in this place.
 B = Non-inter-level travel time spent in this place.
 C = Inter-level travel time spent in this place.
 D = Time resting spent in this place.
 E = Time spent auto-exploring this place.
 F = Levels seen in this place.
 G = Mean time per level.
                   A        B        C        D        E       F      G
               +--------+--------+--------+--------+--------+-----+--------+
         Total |    283 |    283 |      0 |    192 |     26 |   1 |  283.0 |
       Dungeon |    283 |    283 |      0 |    192 |     26 |   1 |  283.0 |
               +--------+--------+--------+--------+--------+-----+--------+

Top non-repeatable levels by time:
       D: 283 daAuts

Table legend:
 A = Kills in this place as a percentage of kills in entire the game.
 B = Kills by you in this place as a percentage of kills by you in the entire game.
 C = Kills by friends in this place as a percentage of kills by friends in the entire game.
 D = Other kills in this place as a percentage of other kills in the entire game.
 E = Experience gained in this place as a percentage of experience gained in the entire game.
 F = Experience gained in this place divided by the number of levels of this place that you have seen.
                   A       B       C       D       E      F
               +-------+-------+-------+-------+-------+----------------------
         Total | 100.0 | 100.0 |   N/A |   N/A | 100.0 |  36.0
       Dungeon | 100.0 | 100.0 |   N/A |   N/A | 100.0 |  36.0
               +-------+-------+-------+-------+-------+----------------------

Action                   || total
-------------------------++-------
Melee: Falchion          ||    18
       Headbutt          ||     5
Invok: Berserk           ||     1
 Stab: Sleeping          ||     1
Armor: Leather armour    ||     1
       Animal skin       ||     1
Dodge: Dodged            ||     7
       Rpst.: Falchion   ||     3

Vanquished Creatures
  A human (D)
  A phantom (D)
  2 endoplasms (D)
  2 rats (D)
6 creatures vanquished.

Vanquished Creatures (others)
  3 plants (D)
3 creatures vanquished.

Grand Total: 9 creatures vanquished
